 Dungeon Crawl Stone Soup version 0.24-a0-580-g6a6c3f83c1 (webtiles) character file.

Game seed: 13889083403190043491

438 Ijustatesigmund the Skirmisher (level 7, -7/76 HPs)
             Began as an Ogre Fighter on Aug 22, 2019.
             Mangled by Prince Ribbit (8 damage)
             ... on level 5 of the Dungeon.
             The game lasted 00:10:00 (5127 turns).

Ijustatesigmund the Skirmisher (Ogre Fighter)       Turns: 5127, Time: 00:10:02

Health: -7/76      AC:  5    Str: 21    XL:     7   Next: 1%
Magic:  7/7        EV:  8    Int:  9    God:
Gold:   221        SH: 13    Dex: 10    Spells: 6/6 levels left

rFire    . . .     SeeInvis .   a - +1 morningstar
rCold    . . .     Gourm    .   c - +0 large shield
rNeg     . . .     Faith    .   b - +0 robe
rPois    .         Spirit   .   (helmet restricted)
rElec    .         Reflect  .   h - +1 cloak
rCorr    .         Harm     .   (gloves unavailable)
MR       .....                  (boots unavailable)
Stlth    +.........             (no amulet)
HPRegen  0.22/turn              e - +2 ring of evasion
MPRegen  0.10/turn              (no ring)

@: lightly drained, very slow
A: large, unfitting armour, tough skin 1
a: no special abilities


You were on level 5 of the Dungeon.
You were not hungry.

You visited 1 branch of the dungeon, and saw 5 of its levels.

You collected 221 gold pieces.

Inventory:

Hand Weapons
 a - a +1 morningstar (weapon)
Armour
 b - a +0 robe (worn)
 c - a +0 large shield (worn)
 h - a +1 cloak (worn)
Jewellery
 e - a +2 ring of evasion (left hand)
 p - an uncursed ring of fire
Wands
 d - a wand of polymorph (9)
 m - a wand of flame (18)
Scrolls
 i - a scroll of blinking
 o - 2 scrolls of amnesia
 r - a scroll of teleportation
Potions
 g - a potion of haste
 j - a potion of brilliance {unknown}
 k - a potion of experience {unknown}
 l - a potion of mutation {unknown}
 n - a potion of curing
 q - a potion of lignification {unknown}
Comestibles
 f - 7 rations


   Skills:
 + Level 6.5(6.3) Fighting
 * Level 5.4(5.3) Maces & Flails
 - Level 2.6(2.5) Dodging
 + Level 2.8(2.7) Shields


You had 6 spell levels left.
You didn't know any spells.
Your spell library contained the following spells:

 Spells                   Type           Power        Failure   Level  Hunger
 Beastly Appendage        Tmut           #.....       99%         1    ##.....
 Sticks to Snakes         Tmut           #.......     100%        2    ###....
 Spider Form              Tmut/Pois      #.........   100%        3    ####...
 Ice Form                 Ice/Tmut       #.......     100%        4    #####..
 Blade Hands              Tmut           #.........   100%        5    ######.


Dungeon Overview and Level Annotations

Branches:
Dungeon (5/15)
 Temple: D:4-7

Altars:
Ru

Shops:
D:5 [:

Annotations:
D:5 Prince Ribbit


Innate Abilities, Weirdness & Mutations

You are too large for most types of armour.
You have tough skin. (AC +1)


Message History

The puff of flame misses the crimson imp.
The puff of flame hits Prince Ribbit.
Prince Ribbit is severely wounded.
You block the crimson imp's attack.
Evoke which item? (* to show all) (? for menu, Esc to quit)
Aiming: Throw Flame
Press: ? - help, Shift-Dir - straight line, f/p - Prince Ribbit
Aim: Prince Ribbit (severely wounded)
The puff of flame hits the crimson imp but does no damage.
The crimson imp hits you but does no damage.
You feel better. You block the crimson imp's attack. Prince Ribbit hits you.
* * * LOW HITPOINT WARNING * * *
You puncture Prince Ribbit!
Prince Ribbit is almost dead.
Prince Ribbit hits you!
* * * LOW HITPOINT WARNING * * *
The crimson imp hits you.
* * * LOW HITPOINT WARNING * * *
Prince Ribbit hits you!
You die...

#....####...
##...........
#.......$....
##....≈?...≈..
#..#..........
#.##....≈≈....
##.......≈≈....
#..#.?.5F......
##.##...@....≈..
#..##.....!.....
##.###...........
########..#
#......#....
.......†.##
##..........
....>#####
#######....
......# ....
......# ..
......#


You could see Prince Ribbit and a crimson imp.

Vanquished Creatures
  4 slaves
  A scorpion (D:4)
  A hound (D:5)
  A jelly (D:4)
  An orc priest (D:4)
  An iguana (D:4)
  Jessica (D:2)
  Natasha (D:2)
  A worker ant (D:5)
  3 adders
  6 gnolls
  An ooze (D:1)
  2 adder skeletons (D:4)
  3 worms
  2 dart slugs
  A leopard gecko (D:2)
  8 orcs
  A bat (D:3)
  4 giant cockroaches
  9 goblins
  11 hobgoblins
  3 jackals (D:4)
  2 quokkas (D:4)
  2 ball pythons
  4 frilled lizards
  7 kobolds
  15 rats
96 creatures vanquished.

Notes
Turn   | Place    | Note
-------+----------+-------------------------------------------
     0 | D:1      | Ijustatesigmund the Ogre Fighter began the quest for the
                  | Orb.
     0 | D:1      | Reached XP level 1. HP: 24/24 MP: 1/1
   239 | D:1      | Reached XP level 2. HP: 28/32 MP: 2/2
   633 | D:1      | Reached XP level 3. HP: 29/40 MP: 3/3
  1711 | D:2      | Noticed Jessica
  1720 | D:2      | Killed Jessica
  1720 | D:2      | Reached skill level 5 in Fighting
  1720 | D:2      | Reached XP level 4. HP: 30/50 MP: 4/4
  2412 | D:2      | Reached XP level 5. HP: 34/57 MP: 5/5
  2655 | D:2      | Noticed Natasha
  2661 | D:2      | Killed Natasha
  2900 | D:3      | Found a sacrificial altar of Ru.
  3779 | D:4      | Reached XP level 6. HP: 61/67 MP: 6/6
  3803 | D:4      | Reached skill level 6 in Fighting
  3880 | D:4      | Reached skill level 5 in Maces & Flails
  4478 | D:5      | Entered Level 5 of the Dungeon
  4478 | D:5      | Found Zeke's Antique Armour Boutique.
  4498 | D:5      | Noticed a slave
  4501 | D:5      | Noticed a slave
  4506 | D:5      | Killed a slave
  4508 | D:5      | Noticed a slave
  4515 | D:5      | Noticed a slave
  4540 | D:4      | Killed a slave
  4544 | D:4      | Killed a slave
  4832 | D:5      | Killed a slave
  4884 | D:5      | Found Paiggatu's Book Boutique.
  4925 | D:5      | Noticed Prince Ribbit
  4936 | D:5      | Reached XP level 7. HP: 59/76 MP: 7/7
  5127 | D:5      | HP: 3/76 [Prince Ribbit (14)]
  5127 | D:5      | HP: 1/76 [crimson imp (2)]
  5127 | D:5      | Mangled by Prince Ribbit

Levels and vault maps discovered:
D:1:      scummos_arrival_star, layout_loops_ring, minmay_misc_feat_x,
          minmay_rat_gold_closets
D:2:      layout_rooms, first_ration, uniq_natasha, uniq_jessica
D:3:      layout_basic, hangedman_ru_absence
D:4:      layout_basic, hangedman_feature_mirror
D:5:      layout_rooms, grunt_temple_overflow_open, serial_shops,
          nicolae_shop_waterfront, shop, shop, shop_fountains, shop,
          zaba_anthole, skrybe_limestone_x, kennysheep_generic_room_12,
          uniq_pikel, uniq_prince_ribbit1

Skill      XL: |  1  2  3  4  5  6 |
---------------+-------------------+-----
Maces & Flails | 2 3 4 5 |  5.4
Fighting       | 5 6 |  6.5
Dodging        | |  2.6
Shields        | |  2.8

Action                   |  1- 3 |  4- 6 |  7- 9 || total
-------------------------+-------+-------+-------++-------
Melee: Flail             |   112 |    12 |       ||   124
       Morningstar       |       |   273 |    15 ||   288
Evoke: Wand              |       |     4 |     8 ||    12
  Use: Scroll            |     3 |     7 |       ||    10
       Potion            |       |     1 |     2 ||     3
 Stab: Sleeping          |     4 |       |       ||     4
  Eat: Chunk             |     3 |     9 |       ||    12
       Ration            |       |     1 |       ||     1
Armor: Robe              |    25 |    78 |     1 ||   104
Dodge: Dodged            |    18 |   150 |     6 ||   174
Block: Shield            |    34 |   132 |       ||   166
       Large shield      |       |     6 |    14 ||    20

Table legend:
 A = Non-vault XP
 B = Vault XP
 C = Vault XP percentage of total XP
 D = Non-vault monster count
 E = Vault monster count
 F = Vault count percentage of total count
                 A         B        C        D         E       F
            +---------+---------+-------+---------+---------+-------
      Total |     546 |      81 |  12.9 |      81 |      11 |  12.0
            +---------+---------+-------+---------+---------+-------
        D:1 |      69 |       9 |  11.5 |      23 |       9 |  28.1
        D:2 |      56 |      72 |  56.2 |      16 |       2 |  11.1
        D:3 |      40 |       0 |   0.0 |      17 |       0 |   0.0
        D:4 |     290 |       0 |   0.0 |      22 |       0 |   0.0
        D:5 |      91 |       0 |   0.0 |       3 |       0 |   0.0
            +---------+---------+-------+---------+---------+-------
